 Dungeon Crawl Stone Soup version 0.25-a0-479-g8579842 (webtiles) character file.

Game seed: 12191279284303767497, levelgen mode: deterministic

4856 15 the Grappler (level 10, -21/99 HPs)
             Began as a Pale Draconian Transmuter on Feb 9, 2020.
             Was a Follower of Qazlal.
             Demolished by a large slime creature (38 damage)
             ... on level 8 of the Dungeon.
             The game lasted 00:31:35 (8589 turns).

15 the Grappler (Pale Draconian Transmuter)         Turns: 8589, Time: 00:31:36

Health: -21/99     AC:  6    Str: 14    XL:     10   Next: 25%
Magic:  17/18      EV: 12    Int: 15    God:    Qazlal [*.....]
Gold:   970        SH:  2    Dex: 12    Spells: 2/20 levels left

rFire    x . .     SeeInvis .     - Unarmed
rCold    + + +     Gourm    .   (shield currently unavailable)
rNeg     . . .     Faith    .   (armour unavailable)
rPois    +         Spirit   .   (helmet currently unavailable)
rElec    .         Reflect  .   (cloak currently unavailable)
rCorr    .         Harm     .   (gloves currently unavailable)
MR       .....                  (boots currently unavailable)
Stlth    ++........             (no amulet)
HPRegen  0.26/turn              r - ring "Meisitov" {rC+ Stlth+}
MPRegen  0.16/turn              l - ring of wizardry

@: ice-form, studying Crossbows
A: large, (breathe steam), unfitting armour, AC +7
a: End Transformation, Renounce Religion


You were on level 8 of the Dungeon.
You worshipped Qazlal.
Qazlal was aware of your devotion.
You were not hungry.
You were a creature of crystalline ice.
You visited 2 branches of the dungeon, and saw 9 of its levels.

You collected 970 gold pieces.

Inventory:

Hand Weapons
 u - the +6 long sword "Impbane" {vorpal, Fragile rElec rPois MR+}
   (You took it off an orc on level 7 of the Dungeon)

   It inflicts extra damage upon your enemies.
   It insulates you from electricity.
   It protects you from poison.
   It affects your resistance to hostile enchantments.
   It will be destroyed if unequipped.
 v - the +8 short sword of the Other Side {elec, rElec}
   (You took it off an orc warrior on level 7 of the Dungeon)

   Occasionally, upon striking a foe, it will discharge some electrical energy
   and cause terrible harm.
   It insulates you from electricity.
Missiles
 a - 173 arrows
Armour
 f - a +0 cloak (melded)
Magical Staves
 i - an uncursed staff of poison
Jewellery
 j - an uncursed ring of stealth
 l - a ring of wizardry (right front paw)
 r - the ring "Meisitov" (left front paw) {rC+ Stlth+}
   (You took it off an orc on level 7 of the Dungeon)

   [ring of protection from cold]

   It protects you from cold.
   It makes you more stealthy.
Wands
 d - a wand of clouds (1)
 o - a wand of paralysis (7)
 q - a wand of flame (23)
Scrolls
 h - a scroll of amnesia
 m - 6 scrolls of remove curse
 n - 2 scrolls of enchant armour
 s - a scroll of blinking
Potions
 b - a potion of heal wounds
 e - 2 potions of brilliance
 g - a potion of mutation
 k - a potion of flight
 t - a potion of agility {unknown}
 w - a potion of curing
Books
 x - a manual of Crossbows
Miscellaneous
 y - a phial of floods
 z - a crystal ball of energy
Comestibles
 c - 13 rations


   Skills:
 * Level 5.8 Fighting
 * Level 5.8 Dodging
 + Level 8.8 Unarmed Combat
 * Level 5.5 Spellcasting
 + Level 0.4 Translocations
 * Level 6.0 Transmutations
 + Level 1.4 Ice Magic
 + Level 0.2 Poison Magic
 * Level 1.2 Invocations
 * Level 5.2 Evocations


You had 2 spell levels left.
You knew the following spells:

 Your Spells              Type           Power        Failure   Level  Hunger
a - Beastly Appendage     Tmut           ###...       1%          1    None
b - Sticks to Snakes      Tmut           ###.....     1%          2    #......
c - Spider Form           Tmut/Pois      ##........   5%          3    ###....
d - Ice Form              Ice/Tmut       ###.....     13%         4    ####...
e - Gell's Gravitas       Tloc           #.........   16%         3    ###....
f - Yara's Violent Unrav  Hex/Tmut       ##........   43%         5    ######.

Your spell library contained the following spells:

 Spells                   Type           Power        Failure   Level  Hunger
 Blade Hands              Tmut           ###.......   14%         5    ######.
 Petrify                  Tmut/Erth      ##......     17%         4    ####...
 Confusing Touch          Hex            #.......     19%         3    ###....
 Metabolic Englaciation   Hex/Ice        #.........   75%         5    ######.


Dungeon Overview and Level Annotations

Branches:
Dungeon (8/15)             Temple (1/1) D:7
   Lair: D:8-11

Altars:
Ashenzari
Cheibriados
Dithmenos
Elyvilon
Fedhas
Gozag
Hepliaklqana
Kikubaaqudgha
Makhleb
Nemelex Xobeh
Okawaru
Qazlal
Ru
Sif Muna
Trog
Uskayaw
Vehumet
Wu Jian
Xom
Yredelemnul
Zin
The Shining One


Innate Abilities, Weirdness & Mutations

((You can breathe blasts of scalding, opaque steam.))
((Your pale cyan-grey scales are hard. (AC +7)))
You cannot fit into any form of body armour.
((You are cold-blooded and may be slowed by cold attacks.))


Message History

The slime creature quivers. x2
Two slime creatures merge to form a large slime creature.
Two slime creatures merge to form a large slime creature.
You barely miss the large slime creature.
The large slime creature hits you!
You pummel the large slime creature!! You freeze the large slime creature.
The large slime creature is moderately wounded.
The large slime creature hits you!
You pummel the large slime creature!! You freeze the large slime creature!
The large slime creature is heavily wounded.
The large slime creature hits you.
You hit the large slime creature but do no damage.
The large slime creature is heavily wounded.
The large slime creature hits you!!
* * * LOW HITPOINT WARNING * * *
All of the chunks of flesh in your inventory have rotted away.
You punch the large slime creature! You freeze the large slime creature.
The large slime creature is heavily wounded.
The large slime creature hits you!!!
You die...

### ... ..# ..#
#.### ... ....# #.#
#.#.# #### #.###.#.#
...# #.##..#.# ##.#
#.#J..#.# ##.#
#.Y###..# ##.# #.##
##.# ##.# #.# #.#
...## #.## ##.#
....# ##.###.##
###.# # ##J..##
###)#####.# ##.##
#.........##### #.#
#.#...........####.#


You could see a large slime creature.

Vanquished Creatures
  An ugly thing (D:7)
  Maggie (D:7)
  A hippogriff (D:7)
  2 slime creatures (D:8)
  A yak (D:7)
  A hungry ghost (D:7)
  An ice beast (D:4)
  2 orc warriors
  A sky beast (D:7)
  4 black bears
  2 eyes of draining (D:5)
  A phantom (D:6)
  A wolf (D:8)
  4 ogres
  3 centaurs
  A big kobold (D:6)
  A bullfrog (D:7)
  A scorpion (D:4)
  A wyvern skeleton (D:7)
  A bullfrog zombie (D:6)
  4 crimson imps
  7 howler monkeys
  7 hounds
  2 jellies (D:7)
  4 orc wizards
  Crazy Yiuf (D:5)
  A bullfrog skeleton (D:6)
  A centaur skeleton (D:6)
  3 orc priests
  4 worker ants
  2 iguanas (D:7)
  A killer bee zombie (D:8)
  A howler monkey zombie (D:5)
  2 worker ant zombies
  3 gnolls (D:4)
  11 adders
  2 shadow imps
  2 oozes (D:2)
  An adder skeleton (D:4)
  A worm (D:3)
  A dart slug (D:2)
  5 leopard geckos
  30 orcs
  5 giant cockroaches
  9 goblins
  7 hobgoblins
  7 jackals
  A quokka (D:2)
  A ball python (D:5)
  8 bats
  5 frilled lizards
  A jackal skeleton (D:3)
  19 kobolds
  A leopard gecko zombie (D:7)
  A quokka skeleton (D:5)
  3 rats
195 creatures vanquished.

Vanquished Creatures (others)
  A bush (D:8)
  3 fungi (D:8)
  15 plants (D:8)
19 creatures vanquished.

Grand Total: 214 creatures vanquished

Notes
Turn   | Place    | Note
-------+----------+-------------------------------------------
     0 | D:1      | 15 the Draconian Transmuter began the quest for the Orb.
     0 | D:1      | Reached XP level 1. HP: 16/16 MP: 3/3
    66 | D:1      | Found a shattered altar of Ashenzari.
   220 | D:1      | Reached XP level 2. HP: 23/23 MP: 5/5
   387 | D:1      | Learned a level 2 spell: Sticks to Snakes
   708 | D:2      | Reached XP level 3. HP: 22/28 MP: 6/6
  1075 | D:2      | Reached skill level 4 in Unarmed Combat
  1110 | D:2      | Reached XP level 4. HP: 32/35 MP: 7/7
  1154 | D:2      | Learned a level 3 spell: Spider Form
  1587 | D:3      | Reached skill level 1 in Evocations
  1587 | D:3      | Reached XP level 5. HP: 20/40 MP: 2/8
  1642 | D:3      | Found a faded altar of an unknown god.
  2665 | D:4      | Reached XP level 6. HP: 41/48 MP: 8/10
  4095 | D:4      | Noticed an ice beast
  4108 | D:4      | Learned a level 4 spell: Ice Form
  4126 | D:4      | Killed an ice beast
  4126 | D:4      | Your scales start taking on a pale cyan-grey colour.
  4126 | D:4      | Reached XP level 7. HP: 56/56 MP: 8/12
  4383 | D:5      | Entered Level 5 of the Dungeon
  4582 | D:5      | Found a runed translucent door.
  4583 | D:5      | Noticed Crazy Yiuf
  4591 | D:5      | Killed Crazy Yiuf
  4637 | D:5      | Reached skill level 5 in Unarmed Combat
  4740 | D:5      | Identified a scroll of acquirement
  4798 | D:5      | Found a bloodstained altar of Trog.
  4956 | D:6      | Reached XP level 8. HP: 51/63 MP: 13/13
  5240 | D:6      | Reached skill level 6 in Unarmed Combat
  5288 | D:6      | Learned a level 3 spell: Gell's Gravitas
  5538 | D:6      | Found a shimmering blue altar of Sif Muna.
  5541 | D:6      | Found a snail-covered altar of Cheibriados.
  5549 | D:6      | Found a basalt altar of Yredelemnul.
  5551 | D:6      | Found a shadowy altar of Dithmenos.
  5552 | D:6      | Found a radiant altar of Vehumet.
  5630 | D:7      | Noticed Maggie
  5640 | D:7      | Killed Maggie
  5936 | D:7      | Found a staircase to the Ecumenical Temple.
  5982 | Temple   | Entered the Ecumenical Temple
  6130 | Temple   | Became a worshipper of Qazlal Stormbringer
  6736 | D:7      | Noticed a hippogriff
  6794 | D:7      | Reached skill level 7 in Unarmed Combat
  6799 | D:7      | Reached XP level 9. HP: 71/71 MP: 11/15
  6807 | D:7      | Reached skill level 5 in Transmutations
  6887 | D:7      | Found a blossoming altar of Fedhas.
  6900 | D:7      | Reached skill level 5 in Dodging
  7122 | D:7      | Noticed a green ugly thing
  7134 | D:7      | Killed a green ugly thing
  7134 | D:7      | Reached skill level 5 in Fighting
  7134 | D:7      | Reached skill level 5 in Spellcasting
  7136 | D:7      | Reached skill level 8 in Unarmed Combat
  7149 | D:7      | Learned a level 5 spell: Yara's Violent Unravelling
  7191 | D:7      | Identified the +6 long sword "Impbane" {vorpal, Fragile
                  | rElec rPois MR+}
  7191 | D:7      | Identified the ring "Meisitov" {rC+ Stlth+}
  7194 | D:7      | Identified the +8 short sword of the Other Side {elec,
                  | rElec}
  7646 | D:7      | Reached * piety under Qazlal
  7880 | D:8      | Reached skill level 1 in Ice Magic
  7907 | D:8      | Reached XP level 10. HP: 34/81 MP: 16/18
  8057 | D:8      | Reached skill level 5 in Evocations
  8554 | D:8      | Reached skill level 1 in Invocations
  8589 | D:8      | Demolished by a large slime creature

Levels and vault maps discovered:
D:1:      kennysheep_arrival_forest, layout_basic, nicolae_ashenzari_panopticon
D:2:      layout_loops_ring, kennysheep_generic_room_9
D:3:      layout_loops_cross, chequers_ecumenical_altar_island,
          minmay_diced_spiral
D:4:      layout_gridville
D:5:      layout_cave_pools, first_ration, trog_eyes_of_draining,
          uniq_crazy_yiuf_cottage
D:6:      layout_rooms, minitemple, nicolae_underground_beach
D:7:      minmay_the_grid_octo_2x2 [minmay_the_grid_octo_concentric,
          minmay_the_grid_octo_vomiting_pacman,
          minmay_the_grid_octo_checkerflower,
          minmay_the_grid_octo_prize_ultimate_mussel_roller], layout_cave_pools,
          temple_pool_b, uniq_maggie
D:8:      layout_loops_cross, minmay_lair_entry_grove, serial_shops,
          nicolae_shop_behind_doors, grunt_pizzeria
Temple:   minmay_temple_bridge_d

Skill      XL: |  1  2  3  4  5  6  7  8  9 10 |
---------------+-------------------------------+-----
Dodging        | 2 3 4 5 |  5.8
Unarmed Combat | 4 5 7 8 |  8.8
Evocations     | 1 2 3 4 5 |  5.2
Transmutations | 3 4 5 6 |  6.0
Spellcasting   | 3 4 5 |  5.5
Fighting       | 2 3 4 5 |  5.8
Ice Magic      | 1 |  1.4
Invocations    | 1 |  1.2
Translocations | |  0.4
Poison Magic   | |  0.2

Action                   |  1- 3 |  4- 6 |  7- 9 | 10-12 || total
-------------------------+-------+-------+-------+-------++-------
Melee: Unarmed           |   128 |   301 |   287 |    54 ||   770
       Tailslap          |    12 |    24 |    25 |    10 ||    71
       Punch             |     6 |     4 |     3 |     2 ||    15
       Kick              |     1 |     7 |     9 |     6 ||    23
       Headbutt          |     2 |    13 |     7 |       ||    22
 Cast: Beastly Appendage |     7 |    18 |    12 |     1 ||    38
       Spider Form       |       |     4 |     5 |       ||     9
       Sticks to Snakes  |       |     3 |       |     1 ||     4
       Ice Form          |       |     1 |     8 |     3 ||    12
       Gell's Gravitas   |       |       |     1 |       ||     1
 Abil: Breathe Steam     |       |       |     6 |     1 ||     7
Evoke: Wand              |       |       |    10 |     1 ||    11
  Use: Scroll            |     2 |     7 |     9 |       ||    18
       Potion            |     1 |     4 |     1 |     1 ||     7
 Stab: Sleeping          |     1 |     2 |     2 |       ||     5
       Paralysed         |       |       |     6 |       ||     6
       Distracted        |       |       |     1 |       ||     1
  Eat: Chunk             |     1 |    10 |    11 |     3 ||    25
       Ration            |       |     1 |     1 |       ||     2
Armor: Skin              |    37 |    99 |    59 |    11 ||   206
Dodge: Dodged            |    82 |   236 |   189 |    25 ||   532
Block: Other             |       |       |     2 |     6 ||     8

Table legend:
 A = Non-vault XP
 B = Vault XP
 C = Vault XP percentage of total XP
 D = Non-vault monster count
 E = Vault monster count
 F = Vault count percentage of total count
                 A         B        C        D         E       F
            +---------+---------+-------+---------+---------+-------
      Total |    3444 |    3494 |  50.4 |     153 |      42 |  21.5
            +---------+---------+-------+---------+---------+-------
        D:1 |      31 |       0 |   0.0 |      19 |       0 |   0.0
        D:2 |      72 |      15 |  17.2 |      21 |       2 |   8.7
        D:3 |     159 |       6 |   3.6 |      26 |       4 |  13.3
        D:4 |     527 |       0 |   0.0 |      26 |       0 |   0.0
        D:5 |     145 |     291 |  66.7 |      12 |       5 |  29.4
        D:6 |     615 |       0 |   0.0 |      23 |       0 |   0.0
        D:7 |     509 |    2795 |  84.6 |      12 |      27 |  69.2
        D:8 |    1386 |     387 |  21.8 |      14 |       4 |  22.2
            +---------+---------+-------+---------+---------+-------
